 Dungeon Crawl Stone Soup version 0.22-a0-48-g8770677 (webtiles) character file.

6376 gmonis the Basher (level 10, -6/91 HPs)
             Began as a Minotaur Berserker on Jan 7, 2018.
             Was a High Priest of Trog.
             Mangled by a death yak (17 damage)
             ... on level 9 of the Dungeon.
             The game lasted 00:22:00 (9219 turns).

gmonis the Basher (Minotaur Berserker)              Turns: 9219, Time: 00:22:01

Health: -6/91      AC: 12    Str: 31    XL:     10   Next: 65%
Magic:  9/9        EV: 13    Int:  4    God:    Trog [*****.]
Gold:   293        SH:  0    Dex:  9    Spells: 9/9 levels left

rFire    . . .     SeeInvis .   a - +0 mace
rCold    . . .     Gourm    .   (no shield)
rNeg     . . .     Faith    .   A - +2 ring mail {rPois}
rPois    +         Spirit   .   (helmet restricted)
rElec    .         Reflect  .   (no cloak)
rCorr    .         Harm     .   x - +2 pair of gloves
MR       .....                  (no boots)
Stlth    ..........             (no amulet)
HPRegen  0.25/turn              q - +5 ring of strength
MPRegen  0.11/turn              (no ring)

@: berserk cooldown, starving, slowed, very slow
A: retaliatory headbutt, horns 2
a: Berserk, Trog's Hand, Brothers in Arms, Burn Spellbooks, Renounce Religion


You were on level 9 of the Dungeon.
You worshipped Trog.
Trog was extremely pleased with you.
You were starving.

You visited 2 branches of the dungeon, and saw 10 of its levels.

You collected 293 gold pieces.

Inventory:

Hand Weapons
 a - a +0 mace (weapon)
 v - a +4 quarterstaff of chaos
Missiles
 i - 287 stones (quivered)
Armour
 b - a +0 animal skin
 e - a +0 ring mail
 l - a +0 chain mail
 x - a +2 pair of gloves (worn)
 A - a +2 ring mail of poison resistance (worn)
 H - the +0 scale mail of Forking Paths {Regen+ Str+3 Dex-5}
   (You found it on level 8 of the Dungeon)

   It affects your strength (+3).
   It affects your dexterity (-5).
   It increases your rate of regeneration.
Jewellery
 q - a +5 ring of strength (left hand)
Scrolls
 d - 5 scrolls of identify
 g - a scroll of enchant weapon {unknown}
 h - a scroll of remove curse
 o - 3 scrolls of immolation
 p - a scroll of random uselessness {unknown}
 r - a scroll of fear {unknown}
 s - a scroll of amnesia {unknown}
 t - a scroll of fog {unknown}
 y - 2 scrolls of teleportation {unknown}
 z - 2 scrolls of blinking {unknown}
 B - a scroll of magic mapping {unknown}
 C - a scroll of noise {unknown}
 F - a scroll of vulnerability {unknown}
Potions
 f - 4 potions of curing
 j - 4 potions of ambrosia
 k - a potion of magic
 m - 2 potions of flight
 n - 3 potions of haste
 u - a potion of degeneration
 w - 2 potions of brilliance
 D - a potion of berserk rage
 E - a potion of mutation
 G - a potion of heal wounds
 J - a potion of might
Comestibles
 c - 21 rations


   Skills:
 + Level 9.1 Fighting
 - Level 14.0 Maces & Flails
 + Level 8.7 Armour
 + Level 6.0 Dodging


You had 9 spell levels left.
You didn't know any spells.

Dungeon Overview and Level Annotations

Branches:
Dungeon (9/15)             Temple (1/1) D:5            Lair (0/6) D:9
    Orc: D:9-12

Altars:
Ashenzari
Cheibriados
Dithmenos
Elyvilon
Fedhas
Gozag
Hepliaklqana
Kikubaaqudgha
Makhleb
Nemelex Xobeh
Okawaru
Qazlal
Ru
Sif Muna
Trog
Uskayaw
Vehumet
Wu Jian
Xom
Yredelemnul
Zin
The Shining One

Shops:
D:4 ?


Innate Abilities, Weirdness & Mutations

You reflexively headbutt those who attack you in melee.
You have a pair of horns on your head.


Message History

The death yak is heavily wounded.
You hit the death yak.
The death yak is heavily wounded.
The death yak gores you!!
* * * LOW HITPOINT WARNING * * *
You sock the death yak! Your headbutt misses the death yak.
The death yak is severely wounded.
You hear a bellow!
You are no longer berserk.
Trog's vigour flows through your veins.
You are exhausted.
You feel yourself slow down.
A death yak comes into view.
The death yak barely misses you.
A death yak comes into view.
You thump the death yak!
The death yak is severely wounded.
The bullfrog releases a deep croak.
The death yak gores you!
You die...

#....F.#........#
#.....Y#F.Y.....#
#.....>.YY......#
#.....###Y#'#####
#..<..# #.#.#
#.....# #Y#.#
#.....# #Y#.#
####### #Y#.#
#@#.# #.#.# #.#.#
#.#.# #.#.# #.#.#
#.#.# #.#.# #.#.#


You could see 7 death yaks and a bullfrog.

Vanquished Creatures
  A two-headed ogre (D:8)
  A death yak (D:9)
  The ghost of KristoblXynda the Covert, a novice NaGl of Okawaru (D:8)
  The ghost of KristoblXynda the Sneak, a novice NaGl (D:4)
  A hippogriff (D:7)
  Sigmund (D:4)
  A hungry ghost (D:7)
  Menkaure (D:6)
  2 black bears
  2 ice beasts
  3 sky beasts
  A necrophage (D:5)
  A centaur (D:6)
  A phantom (D:6)
  5 ogres
  A big kobold (D:8)
  3 bullfrogs
  A gnoll sergeant (D:6)
  A water moccasin zombie (D:5)
  A scorpion (D:8)
  A howler monkey (D:6)
  A jelly (D:6)
  4 hounds
  17 orc wizards
  8 orc priests
  Crazy Yiuf (D:4)
  4 bullfrog skeletons
  3 centaur skeletons
  4 iguanas
  8 worker ants
  A hound zombie (D:5)
  2 hound skeletons
  A worker ant zombie (D:7)
  Robin (D:2)
  9 gnolls (D:6)
  12 adders
  3 shadow imps
  An adder zombie (D:5)
  3 worms
  A dart slug (D:4)
  4 leopard geckos
  40 orcs
  13 bats
  4 giant cockroaches
  24 goblins
  10 hobgoblins
  3 jackals (D:5)
  A quokka (D:3)
  4 frilled lizards
  11 kobolds
  A leopard gecko skeleton (D:8)
  A quokka skeleton (D:4)
  A quokka zombie (D:5)
  3 rats
235 creatures vanquished.

Notes
Turn   | Place    | Note
-------+----------+-------------------------------------------
     0 | D:1      | gmonis the Minotaur Berserker began the quest for the Orb.
     0 | D:1      | Reached XP level 1. HP: 19/19 MP: 0/0
   239 | D:1      | Reached XP level 2. HP: 25/27 MP: 1/1
   243 | D:1      | Reached skill level 4 in Maces & Flails
   847 | D:2      | Reached XP level 3. HP: 31/33 MP: 2/2
   967 | D:2      | Reached skill level 5 in Maces & Flails
  1190 | D:2      | Noticed Robin
  1210 | D:2      | Killed Robin
  1214 | D:2      | Reached ** piety under Trog
  1223 | D:2      | Reached XP level 4. HP: 35/40 MP: 3/3
  1413 | D:2      | Noticed an ice beast
  1426 | D:2      | Killed an ice beast
  1426 | D:2      | Reached skill level 7 in Maces & Flails
  1426 | D:2      | Reached XP level 5. HP: 6/46 MP: 4/4
  2194 | D:3      | Reached XP level 6. HP: 35/52 MP: 5/5
  2200 | D:3      | Reached skill level 8 in Maces & Flails
  3041 | D:4      | Noticed Sigmund
  3043 | D:4      | Noticed KristoblXynda's ghost (novice NaGl)
  3049 | D:3      | Reached *** piety under Trog
  3476 | D:4      | Reached skill level 9 in Maces & Flails
  3532 | D:3      | Reached XP level 7. HP: 8/58 MP: 6/6
  3902 | D:4      | Found a stormy altar of Qazlal.
  3925 | D:4      | Killed KristoblXynda's ghost
  3925 | D:4      | Reached skill level 11 in Maces & Flails
  3951 | D:4      | Killed Sigmund
  3951 | D:4      | Reached XP level 8. HP: 66/66 MP: 7/7
  4155 | D:4      | Found Pomuor's Magic Scroll Emporium.
  4277 | D:4      | Reached skill level 12 in Maces & Flails
  4349 | D:4      | Found a runed door.
  4433 | D:4      | Noticed Crazy Yiuf
  4439 | D:4      | Killed Crazy Yiuf
  4568 | D:5      | Entered Level 5 of the Dungeon
  4855 | D:5      | Reached **** piety under Trog
  5139 | D:5      | Reached skill level 13 in Maces & Flails
  5379 | D:5      | Found a staircase to the Ecumenical Temple.
  5408 | Temple   | Entered the Ecumenical Temple
  5680 | D:5      | Reached XP level 9. HP: 71/71 MP: 8/8
  5817 | D:5      | Reached skill level 14 in Maces & Flails
  5916 | D:5      | Found an ornate altar of the Wu Jian Council.
  6346 | D:6      | Reached skill level 5 in Fighting
  6518 | D:6      | Noticed Menkaure
  6531 | D:6      | Killed Menkaure
  6531 | D:6      | Reached skill level 5 in Armour
  6711 | D:6      | Reached ***** piety under Trog
  6910 | D:6      | Found a snail-covered altar of Cheibriados.
  6917 | D:6      | Found a glowing golden altar of the Shining One.
  6930 | D:6      | Found a radiant altar of Vehumet.
  6936 | D:6      | Found a shimmering altar of Xom.
  6940 | D:6      | Found an ancient bone altar of Kikubaaqudgha.
  6946 | D:6      | Found a stormy altar of Qazlal.
  6951 | D:6      | Found a sparkling altar of Nemelex Xobeh.
  8018 | D:7      | Reached XP level 10. HP: 86/86 MP: 9/9
  8023 | D:7      | Found a shattered altar of Ashenzari.
  8377 | D:8      | Got a pitted scale mail
  8388 | D:8      | Identified the cursed +0 scale mail of Forking Paths {Regen+ Str+3 Dex-5} (You found it on level 8 of the Dungeon)
  8412 | D:8      | Noticed KristoblXynda's ghost (novice NaGl)
  8430 | D:8      | Killed KristoblXynda's ghost
  8430 | D:8      | Reached skill level 5 in Dodging
  8540 | D:8      | Noticed a two-headed ogre
  8550 | D:8      | Killed a two-headed ogre
  9174 | D:9      | Noticed a death yak
  9176 | D:9      | Found a staircase to the Lair.
  9177 | D:9      | Noticed a death yak
  9178 | D:9      | Noticed a death yak
  9179 | D:9      | Noticed a death yak
  9179 | D:9      | Noticed a death yak
  9181 | D:9      | Noticed a death yak
  9204 | D:9      | Killed a death yak
  9217 | D:9      | Noticed a death yak
  9219 | D:9      | Noticed a death yak
  9219 | D:9      | Mangled by a death yak

Vault maps used:
D:1:      dpeg_arrival_connections
D:2:      uniq_robin
D:3:      lightli_corner_chamber
D:4:      serial_shops, kennysheep_mini_moat, first_ration,
          nicolae_qazlal_general_emergency, uniq_sigmund,
          uniq_crazy_yiuf_cottage
D:5:      kennysheep_mini, minmay_temple_entry_statues_pillars
D:6:      grunt_temple_overflow_octagram, minmay_ogre_servants, uniq_menkaure
D:7:      marbit_many_paths, grunt_ogre_cave
D:9:      dpeg_lair_monsters
Temple:   nicolae_temple_figure_eight

Skill      XL: |  1  2  3  4  5  6  7  8  9 10 |
---------------+-------------------------------+-----
Maces & Flails | 4 5 7 9 11 13 14 | 14.0
Fighting       | 7 9 |  9.1
Armour         | 6 8 |  8.7
Dodging        | 4 6 |  6.0

Action                   |  1- 3 |  4- 6 |  7- 9 | 10-12 || total
-------------------------+-------+-------+-------+-------++-------
Melee: Mace              |    68 |   127 |   358 |   102 ||   655
       Headbutt          |     5 |    20 |    86 |    28 ||   139
Invok: Berserk           |     1 |     1 |     2 |     3 ||     7
  Use: Scroll            |       |       |       |    13 ||    13
  Eat: Chunk             |     1 |     7 |    19 |     5 ||    32
Armor: Animal skin       |     6 |       |       |       ||     6
       Ring mail         |    18 |     2 |    49 |    14 ||    83
       Chain mail        |       |    86 |    74 |       ||   160
       Scale mail        |       |       |       |     9 ||     9
Dodge: Dodged            |    57 |    81 |   140 |    31 ||   309

Table legend:
 A = Spawn XP
 B = Non-spawn XP
 C = Spawn XP percentage of total XP
 D = Spawn monster count
 E = Non-spawn monster count
 F = Spawn count percentage of total count
 G = Total turns spent on level
                    A         B        C        D         E        F      G
               +---------+---------+-------+---------+---------+-------+---------
         Total |       0 |    9109 |   0.0 |       0 |     235 |   0.0 |  9219
               +---------+---------+-------+---------+---------+-------+---------
           D:1 |       0 |      33 |   0.0 |       0 |      19 |   0.0 |   817
           D:2 |       0 |     242 |   0.0 |       0 |      30 |   0.0 |  1254
           D:3 |       0 |     542 |   0.0 |       0 |      37 |   0.0 |  1702
           D:4 |       0 |    1070 |   0.0 |       0 |      18 |   0.0 |   951
           D:5 |       0 |    1174 |   0.0 |       0 |      44 |   0.0 |  1109
           D:6 |       0 |    1499 |   0.0 |       0 |      38 |   0.0 |  1134
           D:7 |       0 |    1124 |   0.0 |       0 |      26 |   0.0 |  1021
           D:8 |       0 |    2405 |   0.0 |       0 |      21 |   0.0 |   903
           D:9 |       0 |    1020 |   0.0 |       0 |       2 |   0.0 |   128
               +---------+---------+-------+---------+---------+-------+---------
